 Dungeon Crawl Stone Soup version 0.18.1-47-g9310371 (webtiles) character file.

1871283 Kisielow the Axe Maniac (level 27, 224/245 HPs)
             Began as a Hill Orc Fighter on June 21, 2016.
             Was the Champion of Okawaru.
             Escaped with the Orb
             ... and 3 runes on June 22, 2016!
             The game lasted 04:34:15 (56969 turns).

Kisielow the Axe Maniac (Hill Orc Fighter)         Turns: 56969, Time: 04:34:16

Health: 224/245    AC: 50    Str: 35    XL:     27
Magic:  24/28      EV: 12    Int:  4    God:    Okawaru [******]
Gold:   4626       SH: 34    Dex: 17    Spells: 0 memorised, 26 levels left

rFire  + + +     SeeInvis .     N - +1 war axe "Sarcophage" {chop, rF++ MR+ Str-3 Dex+3} (curse)
rCold  . . .     Gourm    .     S - +6 plate armour "Teclybb" {rF+ Dex+2 Stlth+}
rNeg   . . .     Faith    .     d - +1 large shield {rPois}
rPois  +         Spirit   .     u - +4 hat of Parts Unknown {Regen+ Str+2 Stlth+}
rElec  .         Dismiss  .     U - +1 cloak "Xasoejow" {MR+}
rCorr  .         Reflect  +     i - +2 pair of fencer's gloves {LBl+4 SBl+4 EV+3 Dex+6}
SustAt .         Harm     .     e - +2 pair of boots {run}
MR     +++++     Clarity  +     t - +5 amulet of reflection
Stlth  .......... Rnd*Tele +    x - ring of Robustness {AC+8}
                                B - +4 ring of strength

@: contaminated, glowing, quick, almost entirely resistant to hostile
enchantments, extremely unstealthy
A: horns 1, iridescent scales 1, molten scales 1, berserk 2, blurry vision 1,
clarity, clumsy 2, deformed body, dopey 2, frail 1, low mp 1, magic resistance
1, sense surroundings 1, teleportitis 1, no device heal 1, MP-powered wands
a: Heroism, Finesse, Renounce Religion
0: Orb of Zot
}: 3/15 runes: decaying, silver, gossamer


You escaped.
You worshipped Okawaru.
Okawaru was exalted by your worship.
You were not hungry.

You visited 10 branches of the dungeon, and saw 52 of its levels.
You visited 2 bazaars.
You also visited: Ice Cave.

You collected 6814 gold pieces.
You spent 2188 gold pieces at shops.

Inventory:

Hand Weapons
 l - a +1 war axe of chopping
 r - the +14 obsidian axe {chop, +Fly Str+3 SInv *Curse}
   (You found it in an ice cave)

   It inflicts extra damage upon your enemies.
   It affects your strength (+3).
   It lets you see invisible.
   It lets you fly.
   It may re-curse itself when equipped.
 N - the cursed +1 war axe "Sarcophage" (weapon) {chop, rF++ MR+ Str-3 Dex+3}
   (You found it on level 1 of the Spider Nest)

   It inflicts extra damage upon your enemies.
   It affects your strength (-3).
   It affects your dexterity (+3).
   It greatly protects you from fire.
   It affects your resistance to hostile enchantments.
   It has a curse placed upon it.
Armour
 a - the +5 chain mail of Mysticism {+Blink Int-4 Dex+7 SInv}
   (You found it on level 6 of the Lair of Beasts)

   It affects your intelligence (-4).
   It affects your dexterity (+7).
   It lets you see invisible.
   It lets you blink.
 d - a +1 large shield of poison resistance (worn)
 e - a +2 pair of boots of running (worn)
 i - the +2 pair of fencer's gloves (worn) {LBl+4 SBl+4 EV+3 Dex+6}
   (You found it on level 3 of the Depths)

   It affects your evasion (+3).
   It affects your dexterity (+6).
 u - the +4 hat of Parts Unknown (worn) {Regen+ Str+2 Stlth+}
   (You acquired it on level 1 of the Lair of Beasts)

   It affects your strength (+2).
   It increases your rate of regeneration.
   It makes you more stealthy.
 R - the +0 pair of boots "Memihon" {rElec rC+ rN+ Dex-4}
   (You bought it in a shop in a bazaar)

   It affects your dexterity (-4).
   It protects you from cold.
   It insulates you from electricity.
   It protects you from negative energy.
 S - the +6 plate armour "Teclybb" (worn) {rF+ Dex+2 Stlth+}
   (You bought it in a shop in a bazaar)

   It affects your dexterity (+2).
   It protects you from fire.
   It makes you more stealthy.
 U - the +1 cloak "Xasoejow" (worn) {MR+}
   (You acquired it on level 6 of the Dungeon)

   It affects your resistance to hostile enchantments.
Jewellery
 n - an uncursed ring of teleportation
 t - a +5 amulet of reflection (around neck)
 x - the ring of Robustness (right hand) {AC+8}
   (You found it on level 2 of the Swamp)

   [ring of protection]

   It affects your AC (+8).
 B - a +4 ring of strength (left hand)
Wands
 o - a wand of confusion (19/48)
 s - a wand of slowing (47/48)
 y - a wand of confusion (12/48)
 C - a wand of digging (11/24)
 K - a wand of hasting (3/9)
 T - a wand of disintegration (7/24)
Scrolls
 c - 2 scrolls of silence
 j - a scroll of blinking
 v - 8 scrolls of identify
 w - 9 scrolls of magic mapping
 A - 9 scrolls of teleportation
 F - a scroll of fog
 H - 3 scrolls of holy word
 I - 15 scrolls of remove curse
 X - 9 scrolls of fear
Potions
 b - 4 potions of cure mutation
 g - 23 potions of curing
 k - 2 potions of haste
 E - a potion of ambrosia
 G - 6 potions of agility
 J - 6 potions of cancellation
 M - 3 potions of might
 O - a potion of berserk rage
 W - a potion of invisibility
Comestibles
 f - 28 bread rations
 h - 4 royal jellies
 p - 19 fruits
 q - 7 slices of pizza
 D - 13 meat rations
 P - 12 beef jerkies


   Skills:
 O Level 27 Fighting
 O Level 27 Axes
 + Level 24.6 Armour
 + Level 24.7 Shields
 - Level 11.9 Invocations
 - Level 10.2 Evocations


You had 26 spell levels left.
You didn't know any spells.

Dungeon Overview and Level Annotations

Branches:
Dungeon (15/15)            Temple (1/1) D:5            Lair (8/8) D:8
  Swamp (4/4) Lair:6       Spider (4/4) Lair:3        Slime (0/6) Lair:7
    Orc (2/2) D:9             Elf (3/3) Orc:2        Vaults (5/5) D:13
  Crypt (0/3) Vaults:3     Depths (5/5) D:15            Zot (5/5) Depths:5

Altars:
Ashenzari
Cheibriados
Dithmenos
Elyvilon
Fedhas
Gozag
Kikubaaqudgha
Makhleb
Nemelex Xobeh
Okawaru
Pakellas
Qazlal
Ru
Sif Muna
Trog
Vehumet
Xom
Yredelemnul
Zin
The Shining One
Jiyva

Shops:
D:6 ?   D:9 [   D:15 !   Orc:2 [(**   Elf:1 (   Elf:2 [(*(   Vaults:4 ((

Portals:
Hell: Depths:1 Depths:2 Depths:3 Depths:4 Depths:5
Abyss: Depths:3 Depths:4
Pandemonium: Depths:3
Ziggurat: Depths:5
Trove: Depths:3 (give +8 demon trident)

Annotations:
Zot:5 exclusions: obsidian statue and orange crystal statue


Innate Abilities, Weirdness & Mutations

You have a pair of small horns on your head.
You are partially covered in iridescent scales (AC +4).
You are partially covered in molten scales (AC +1).
You often lose your temper in combat.
Scrolls take you a little longer to read.
You possess an exceptional clarity of mind.
You are very clumsy. (Dex -4)
Armour fits poorly on your strangely shaped body.
You are very dopey. (Int -4)
You are frail (-10% HP).
Your magical capacity is low (-10% MP).
You are resistant to hostile enchantments.
You passively map a small area around you.
You are occasionally teleported next to monsters.
Potions and wands are less effective at restoring your health.
You expend magic power (3 MP) to strengthen your wands.


Message History

The rock shatters into small pieces.
This wand has 11 charges left.
You feel yourself slow down.
Things that are here:
a club x2
You enter the shallow water.
Moving in this stuff is going to be slow.
An eye of draining and a hobgoblin come into view.
The hobgoblin shouts!
You slash the eye of draining! You headbutt the eye of draining.
The eye of draining is severely wounded.
You hit the eye of draining. You headbutt the eye of draining!
You kill the eye of draining!
Okawaru accepts your kill. You block the hobgoblin's attack.
There is a staircase leading out of the dungeon here.
You closely miss the hobgoblin. You block the hobgoblin's attack.
You closely miss the hobgoblin. You headbutt the hobgoblin.
You kill the hobgoblin!
You have 4626 gold pieces.
You have escaped!

#..........#.##.....
######..............#.###
#.....).............#.# #
#.####..............#.# #
#.##≈#.#####≈##.....#.# #
#.#≈.≈#####≈♣≈#...#...#
#.≈.⌠.≈≈≈≈≈♣⌠♣≈...##..###
#..≈........♣≈..).#..>...
#...≈.).@...≈...###......
##.≈♣..)....♣≈.## #......
#≈♣⌠♣≈≈≈≈≈♣⌠♣≈# #......
##≈♣≈#####≈♣≈## #......
##≈## ##≈## ######. ###
### ##


There were no monsters in sight!

Vanquished Creatures
  9 orbs of fire (Zot:5)
  Mara (Elf:3)
  3 ancient liches
  A juggernaut (Depths:2)
  Saint Roka (Orc:2)
  2 curse toes
  2 Killer Klowns
  10 golden dragons
  4 electric golems
  16 tentacled monstrosities
  4 liches
  20 Orb Guardians (Zot:5)
  A quicksilver dragon (Depths:2)
  6 titans
  A deep elf master archer (Elf:3)
  4 deep elf blademasters (Elf:3)
  An Executioner (D:2)
  2 sphinxes
  Gastronok (Lair:1)
  A thorn hunter (Swamp:3)
  6 death cobs
  2 shadow dragons
  5 tengu reavers
  An ancient champion (Vaults:3)
  3 draconian monks
  12 storm dragons
  9 fire giants
  5 deep elf sorcerers
  Maud (D:13)
  An iron dragon (Depths:2)
  7 emperor scorpions
  3 draconian knights
  6 ghost moths
  15 frost giants
  2 draconian scorchers
  9 vault wardens
  2 draconian zealots
  2 orc warlords
  4 deep elf elementalists
  A balrug (Depths:3)
  3 draconian shifters
  10 ironheart preservers
  3 angels (Depths:5)
  2 draconian annihilators
  8 war gargoyles (Vaults:5)
  A draconian caller (Zot:2)
  29 very ugly things
  9 green draconians
  15 stone giants
  10 black draconians
  3 vampire knights
  3 deep elf demonologists
  A red draconian (Zot:2)
  11 purple draconians
  4 deep elf annihilators (Elf:3)
  Azrael (Elf:2)
  A small abomination (Vaults:5)
  9 mottled draconians
  A spark wasp (Depths:2)
  10 yellow draconians
  6 white draconians
  17 ettins
  A death ooze (Swamp:4)
  33 vault guards
  7 deep elf death magi
  A crystal guardian (Vaults:3)
  A green death (Swamp:4)
  5 entropy weavers
  16 fire dragons
  5 deep elf high priests
  10 great orbs of eyes
  15 ogre magi
  13 yaktaur captains
  4 rakshasas
  A ghost crab (Swamp:1)
  20 hydras
  A hell beast (Swamp:4)
  5 spriggan air magi
  21 ice dragons
  16 centaur warriors
  A catoblepas (D:15)
  9 alligators
  22 dancing weapons
  A death knight (Vaults:5)
  13 deep troll shamans
  4 tengu warriors
  11 deep troll earth magi
  4 vampire magi
  7 spriggan berserkers
  Sonja (D:15)
  6 spriggans
  A hell knight (Depths:2)
  20 deep elf knights
  5 skeletal warriors
  An unseen horror (shapeshifter) (Vaults:2)
  3 iron trolls
  The ghost of raetorn the Spry, a novice SpWr of Kikubaaqudgha (Orc:1)
  36 deep trolls
  A spriggan druid (Swamp:4)
  2 unseen horrors
  11 deep elf archers
  A tengu zombie (Vaults:3)
  3 shambling mangroves
  7 wizards
  6 swamp dragons
  An orange crystal statue (Vaults:2)
  A flayed ghost (Depths:5)
  4 giant orange brains
  7 orc knights
  12 ironbrand convokers
  9 hill giants
  5 harpies
  2 phantasmal warriors
  7 necromancers
  A shadow dragon zombie (Depths:1)
  20 wolf spiders
  12 orb spiders
  3 orc sorcerers
  3 human zombies
  A mana viper (shapeshifter) (Vaults:5)
  A shining eye (Depths:3)
  A frost giant zombie (Depths:1)
  58 deep elf magi
  An oklob plant (Lair:3)
  A salamander (Depths:1)
  An orb spider (shapeshifter) (Vaults:4)
  8 griffons
  58 ugly things
  7 hornets
  A hornet (shapeshifter) (Depths:1)
  A cyclops (shapeshifter) (Vaults:2)
  5 cyclopes
  4 manticores
  24 moths of wrath
  A stone giant skeleton (Vaults:2)
  10 elephants
  Maurice (Orc:1)
  13 vault sentinels
  A black mamba (shapeshifter) (Depths:2)
  4 black mambas
  An eye of devastation (Depths:3)
  2 ice statues (IceCv)
  A torpor snail (Spider:3)
  2 orange demons (Swamp:4)
  24 spiny frogs
  An eye of devastation (shapeshifter) (Depths:2)
  An efreet (D:14)
  A yaktaur zombie (Vaults:2)
  9 komodo dragons
  A yaktaur (shapeshifter) (Vaults:2)
  3 kobold demonologists
  A rime drake (Lair:1)
  39 yaktaurs
  3 freezing wraiths
  8 ice devils (IceCv)
  9 demonic crawlers
  5 tengu conjurers
  3 trolls
  34 jumping spiders
  7 giant leeches
  A queen bee (Lair:4)
  A jumping spider (shapeshifter) (Elf:1)
  5 polar bears
  A troll (shapeshifter) (Vaults:4)
  A blink frog (shapeshifter) (Depths:4)
  20 two-headed ogres
  14 blink frogs
  A boulder beetle (shapeshifter) (Vaults:3)
  9 boulder beetles
  47 slime creatures
  6 bog bodies
  A deep troll zombie (Depths:1)
  2 raiju (shapeshifter)
  46 redbacks
  A deep troll skeleton (Depths:1)
  8 air elementals
  A redback (shapeshifter) (Depths:5)
  34 tarantellas
  2 water elementals
  8 wraiths
  6 shadows
  4 large abominations
  51 yaks
  9 fire elementals
  A hog (D:9)
  26 humans
  2 wyverns
  A human simulacrum (Vaults:4)
  3 basilisks
  6 hippogriffs
  3 golden eyes (Depths:3)
  5 hungry ghosts
  A yaktaur simulacrum (Vaults:3)
  A spatial vortex (Depths:2)
  28 vampire mosquitoes
  9 wargs
  A naga (shapeshifter) (Vaults:5)
  3 mottled dragons
  7 insubstantial wisps
  A soldier ant (D:14)
  3 hell hounds (Elf:2)
  16 swamp worms
  10 water moccasins
  A giant eyeball (shapeshifter) (Vaults:1)
  11 porcupines
  Duvessa (D:6)
  A giant eyeball (Depths:3)
  4 swamp drakes
  12 wasps
  10 sky beasts
  3 ice beasts
  8 black bears
  34 orc warriors
  50 ogres
  3 eyes of draining
  A phantom (D:11)
  A necrophage (D:10)
  4 boggarts
  An ogre (shapeshifter) (Depths:3)
  5 wolves (Lair:6)
  20 centaurs
  15 crocodiles
  2 human skeletons
  An elf skeleton (Vaults:4)
  4 big kobolds
  40 giant frogs
  2 earth elementals
  A wyvern zombie (D:12)
  A gnoll sergeant (Orc:2)
  6 scorpions
  Dowan (D:6)
  A water moccasin skeleton (D:8)
  An elf simulacrum (Vaults:3)
  19 killer bees
  13 wights
  3 electric eels
  6 howler monkeys
  12 jellies
  9 crimson imps
  2 quasits
  2 giant frog zombies (D:12)
  12 hounds
  23 orc wizards
  3 centaur zombies
  21 orc priests
  5 centaur skeletons
  An iron imp (Depths:3)
  10 iguanas
  10 worker ants
  22 sheep
  A hound zombie (D:7)
  A hound skeleton (D:6)
  A worker ant zombie (D:6)
  10 gnolls
  14 adders
  A howler monkey skeleton (D:6)
  31 river rats
  2 shadow imps
  21 white imps
  7 ufetubi (IceCv)
  An ooze (shapeshifter) (Lair:5)
  14 oozes
  An adder zombie (D:6)
  2 adder skeletons
  3 worms
  2 dart slugs (D:2)
  10 giant geckos
  77 orcs
  A ball python (D:2)
  7 giant cockroaches
  14 goblins
  8 hobgoblins
  2 jackals (D:2)
  9 quokkas
  5 bats
  A giant gecko skeleton (D:7)
  2 giant newts
  20 kobolds
  A quokka skeleton (D:7)
  3 rats (D:3)
  2 briar patches (Swamp:3)
  A bush (Elf:3)
  2 crawling corpses (Elf:3)
  6 fungi
  9 plants
2255 creatures vanquished.

Vanquished Creatures (collateral kills)
  A Killer Klown (Zot:5)
  An iron giant (Depths:2)
  2 Orb Guardians (Zot:5)
  Asterion (Depths:2)
  A death cob (Zot:1)
  A storm dragon (Vaults:2)
  The ghost of blejac99 the Peltast, an adept MiFi of Qazlal (Spider:4)
  A sphinx (Vaults:5)
  A thorn hunter (Swamp:3)
  3 frost giants
  A draconian monk (Zot:2)
  A fire giant (Vaults:5)
  3 vault wardens
  A deep elf sorcerer (Elf:3)
  An iron dragon (Vaults:5)
  A draconian knight (Zot:3)
  A draconian scorcher (Zot:5)
  5 stone giants
  5 ironheart preservers
  5 very ugly things
  A vampire knight (Depths:5)
  A green draconian (Zot:5)
  A deep elf annihilator (Elf:1)
  A mottled draconian (Zot:2)
  A yellow draconian (Depths:5)
  2 ettins
  A green death (Swamp:4)
  2 fire dragons
  Josephine (Lair:8)
  2 yaktaur captains
  A vault guard (Vaults:5)
  2 great orbs of eyes (Depths:2)
  2 ice dragons
  A rakshasa (Depths:2)
  An entropy weaver (Depths:1)
  A hell beast (Swamp:4)
  A spriggan air mage (Depths:3)
  3 hydras
  3 ogre magi
  2 death knights
  2 dancing weapons (Elf:2)
  4 centaur warriors
  4 deep troll earth magi
  2 alligators
  A deep troll shaman (Vaults:5)
  A tengu warrior (Depths:3)
  A spriggan berserker (Depths:2)
  2 deep elf knights
  A fire crab (Lair:8)
  A skeletal warrior (D:14)
  8 deep trolls
  A giant orange brain (Depths:5)
  A swamp dragon (Swamp:2)
  2 ironbrand convokers
  A hill giant (D:15)
  A deep elf archer (Elf:1)
  7 deep elf magi
  2 harpies
  A lindwurm (shapeshifter) (Depths:2)
  2 orc knights
  3 griffons
  4 wolf spiders
  8 ugly things
  A shining eye (shapeshifter) (Depths:2)
  2 hornets
  5 moths of wrath
  A cyclops (D:11)
  An oklob plant (Lair:7)
  A black mamba (Lair:5)
  A torpor snail (Lair:3)
  2 spiny frogs
  A komodo dragon (Swamp:2)
  2 centaur skeletons
  9 yaktaurs
  4 demonic crawlers
  An efreet (D:14)
  3 jumping spiders (Spider:1)
  A giant leech (Lair:8)
  2 two-headed ogres
  A boulder beetle (Lair:5)
  7 blink frogs
  A bog body (Swamp:4)
  6 slime creatures
  A small abomination (Swamp:4)
  A redback (shapeshifter) (Depths:2)
  A spriggan (shapeshifter) (D:15)
  A spriggan (Swamp:2)
  A tarantella (Spider:4)
  A yak (D:12)
  7 redbacks
  A hungry ghost (D:15)
  A fire elemental (Elf:2)
  2 swamp worms
  4 vampire mosquitoes
  A water moccasin (Lair:6)
  5 orc warriors
  2 wasps (Swamp:2)
  An ice beast (D:11)
  4 ogres
  A wolf (Lair:6)
  2 crocodiles
  7 centaurs
  7 giant frogs
  A deep troll simulacrum (Vaults:4)
  4 killer bees
  A wight (D:10)
  2 electric eels (Lair:8)
  A crimson imp (D:14)
  A hound (D:12)
  A jelly (Lair:7)
  An orc priest (D:10)
  A worker ant (D:10)
  2 orc wizards
  2 sheep (Lair:4)
  An adder (D:11)
  2 river rats
  A shadow imp (D:15)
  An ooze (Lair:7)
  7 orcs
  A kobold (D:15)
  A crawling corpse (Vaults:5)
  2 fungi (Lair:7)
  4 plants
267 creatures vanquished.

Vanquished Creatures (others)
  4 deep elf master archers (Elf:3)
  A draconian annihilator (Zot:5)
  4 stone giants
  Nessos (D:14)
  An ettin (Depths:5)
  A deep elf high priest (Vaults:5)
  7 yaktaur captains
  A centaur warrior (Vaults:2)
  A deep troll earth mage (Depths:1)
  A vampire mage (Vaults:3)
  A deep elf knight (Elf:3)
  4 deep elf archers
  An orc knight (Orc:2)
  2 deep elf magi
  An ugly thing (Depths:3)
  A cyclops (Vaults:1)
  15 yaktaurs
  An ogre (D:15)
  A boggart (Vaults:3)
  4 centaurs
  2 ufetubi (IceCv)
  5 orcs
  2 kobolds
  A briar patch (Swamp:3)
  2 crawling corpses (Elf:3)
  5 fungi
  3 plants
  4 toadstools (D:1)
77 creatures vanquished.

Grand Total: 2599 creatures vanquished

Notes
Turn   | Place    | Note
--------------------------------------------------------------
     0 | D:1      | Kisielow the Hill Orc Fighter began the quest for the Orb.
     0 | D:1      | Reached XP level 1. HP: 19/19 MP: 1/1
    64 | D:1      | Reached XP level 2. HP: 22/26 MP: 2/2
   437 | D:2      | Reached XP level 3. HP: 30/31 MP: 3/3
   583 | D:2      | Reached skill level 5 in Axes
   768 | D:2      | Reached XP level 4. HP: 40/40 MP: 4/4
  1242 | D:3      | Found a white marble altar of Elyvilon.
  1245 | D:3      | Found an ancient bone altar of Kikubaaqudgha.
  1248 | D:3      | Found a stormy altar of Qazlal.
  1256 | D:3      | Found a radiant altar of Vehumet.
  1645 | D:4      | Reached XP level 5. HP: 31/46 MP: 5/5
  1861 | D:4      | Found a deep blue altar of Sif Muna.
  2143 | D:4      | Reached XP level 6. HP: 43/53 MP: 6/6
  2550 | D:5      | Entered Level 5 of the Dungeon
  2751 | D:5      | Reached skill level 5 in Fighting
  2958 | D:5      | Found a staircase to the Ecumenical Temple.
  2968 | Temple   | Entered the Ecumenical Temple
  3057 | Temple   | Became a worshipper of Warmaster Okawaru
  3072 | D:5      | Reached XP level 7. HP: 59/61 MP: 7/7
  3307 | D:6      | Noticed Duvessa
  3307 | D:6      | Noticed Dowan
  3319 | D:6      | Killed Dowan
  3327 | D:6      | Killed Duvessa
  3327 | D:6      | Reached * piety under Okawaru
  3327 | D:6      | Reached skill level 5 in Armour
  3327 | D:6      | Reached skill level 5 in Shields
  3587 | D:6      | Found Vimirea's Magic Scroll Boutique.
  3987 | D:6      | Reached XP level 8. HP: 64/70 MP: 8/8
  4794 | D:6      | Found a basalt altar of Yredelemnul.
  4854 | D:6      | Reached ** piety under Okawaru
  4950 | D:6      | Gained mutation: You have a pair of small horns on your head. [mutagenic meat]
  4951 | D:6      | Gained mutation: You are partially covered in iridescent scales (AC +4). [mutagenic meat]
  4952 | D:6      | Gained mutation: You are dopey. (Int -2) [mutagenic meat]
  4953 | D:6      | Gained mutation: You are resistant to hostile enchantments. [mutagenic meat]
  4980 | D:6      | Reached XP level 9. HP: 74/79 MP: 9/9
  5353 | D:7      | Found a glowing golden altar of the Shining One.
  5785 | D:7      | Reached skill level 10 in Axes
  6269 | D:8      | Reached *** piety under Okawaru
  6273 | D:8      | Gained mutation: You passively map a small area around you. [mutagenic meat]
  6274 | D:8      | Gained mutation: You have an increased reservoir of magic (+10% MP). [mutagenic meat]
  6275 | D:8      | Gained mutation: Your body sometimes deteriorates upon taking damage. [mutagenic meat]
  6754 | D:8      | Noticed a two-headed ogre
  6760 | D:8      | Killed a two-headed ogre
  6831 | D:8      | Reached XP level 10. HP: 87/90 MP: 11/11
  6893 | D:8      | Found a staircase to the Lair.
  7079 | Lair:1   | Entered Level 1 of the Lair of Beasts
  7079 | Lair:1   | Noticed a seven-headed hydra
  7091 | D:8      | Killed a seven-headed hydra
  7091 | D:8      | Reached **** piety under Okawaru
  7177 | D:9      | Found a staircase to the Orcish Mines.
  7504 | D:9      | Reached ***** piety under Okawaru
  7579 | D:9      | Found a sparkling altar of Nemelex Xobeh.
  7626 | D:9      | Found Mujo's Antique Armour Shop.
  7830 | D:9      | Reached XP level 11. HP: 92/97 MP: 12/12
  8057 | D:9      | Found a huge runed gate.
  8058 | D:9      | Found a huge runed gate.
  8058 | D:9      | Found a huge runed gate.
  8058 | D:9      | Found a huge runed gate.
  8060 | D:9      | Noticed a griffon
  8060 | D:9      | Noticed a griffon
  8272 | D:9      | Killed a griffon
  8288 | D:9      | Killed a griffon
  8288 | D:9      | Received a gift from Okawaru
  8288 | D:9      | Reached skill level 5 in Invocations
  8335 | D:9      | Got a faintly humming ring mail {god gift}
  8368 | D:9      | Identified the +3 ring mail "Duc Egiy" {+Fly rPois rN+ MP+9} (Okawaru gifted it to you on level 9 of the Dungeon)
  8584 | Orc:1    | Entered Level 1 of the Orcish Mines
  8658 | Orc:2    | Entered Level 2 of the Orcish Mines
  8658 | Orc:2    | Noticed a centaur warrior
  8658 | Orc:2    | Noticed Saint Roka
  8938 | Lair:1   | Reached skill level 10 in Invocations
  8974 | Lair:1   | Noticed Gastronok
  8990 | Lair:1   | Killed Gastronok
  8990 | Lair:1   | Reached XP level 12. HP: 65/106 MP: 22/22
  9229 | Lair:1   | Reached skill level 1 in Evocations
  9477 | Lair:2   | Noticed a six-headed hydra
  9489 | Lair:2   | Killed a six-headed hydra
  9489 | Lair:2   | Received a gift from Okawaru
  9593 | Lair:2   | Noticed a six-headed hydra
  9607 | Lair:2   | Killed a six-headed hydra
  9607 | Lair:2   | Reached skill level 10 in Fighting
 10414 | Lair:3   | Noticed a four-headed hydra
 10426 | Lair:3   | Killed a four-headed hydra
 10491 | Lair:3   | Found a frozen archway.
 10851 | IceCv    | Entered an ice cave
 10868 | IceCv    | Received a gift from Okawaru
 11072 | IceCv    | Got a scorched demon trident
 11240 | Lair:3   | Identified the +3 demon trident of Kismet {pain, +Inv Stlth+} (You found it in an ice cave)
 11620 | Lair:3   | Reached skill level 10 in Shields
 11689 | Lair:3   | Found a hole to the Spider Nest.
 11890 | Lair:3   | Reached XP level 13. HP: 90/114 MP: 24/24
 12041 | Lair:3   | Reached skill level 15 in Axes
 12347 | D:6      | Bought a scroll of acquirement for 728 gold pieces
 12350 | D:6      | Got a fine cloak
 12356 | D:6      | Identified the +1 cloak "Xasoejow" {MR+} (You acquired it on level 6 of the Dungeon)
 13419 | Lair:5   | Reached skill level 10 in Armour
 13428 | Lair:5   | Gained mutation: You have a considerably increased reservoir of magic (+20% MP). [mutagenic meat]
 13430 | Lair:5   | Lost mutation: Your body sometimes deteriorates upon taking damage. [mutagenic meat]
 13432 | Lair:5   | Got a shimmering robe
 13447 | Lair:5   | Identified the cursed +1 robe of Pawips {*Drain rN+ Regen+ Int+6} (You found it on level 5 of the Lair of Beasts)
 13843 | Lair:6   | Received a gift from Okawaru
 13887 | Lair:6   | Got a pair of bloodstained boots {god gift}
 13893 | Lair:6   | Identified the +0 pair of boots of an ice cave {Stlth+} (Okawaru gifted it to you on level 6 of the Lair of Beasts)
 13903 | Lair:6   | Gained mutation: You possess an exceptional clarity of mind. [potion of beneficial mutation]
 14196 | Lair:6   | Reached skill level 5 in Evocations
 14513 | Lair:6   | Got a faintly glowing chain mail
 14524 | Lair:6   | Identified the +5 chain mail of Mysticism {+Blink Int-4 Dex+7 SInv} (You found it on level 6 of the Lair of Beasts)
 14566 | Lair:6   | Found a staircase to the Swamp.
 15100 | Lair:7   | Found a viscous altar of Jiyva.
 15100 | Lair:7   | Found a staircase to the Slime Pits.
 15461 | Lair:7   | You fall through a shaft!
 15461 | Lair:8   | Entered Level 8 of the Lair of Beasts
 15467 | Lair:8   | Noticed Josephine
 15470 | Lair:8   | Reached XP level 14. HP: 119/125 MP: 27/27
 15498 | Lair:8   | Received a gift from Okawaru
 15502 | Lair:8   | Killed Josephine
 16045 | Lair:8   | Reached ****** piety under Okawaru
 16797 | Orc:2    | Killed Saint Roka
 16799 | Orc:2    | Found a staircase to the Elven Halls.
 16849 | Orc:2    | Found Tecenlam's Weapon Boutique.
 16849 | Orc:2    | Found Wic Uhomov's General Store.
 16851 | Orc:2    | Found Heseamy's General Store.
 16853 | Orc:2    | Found Wusesh's Antique Armour Shop.
 16997 | Orc:2    | Found a radiant altar of Vehumet.
 17120 | Orc:2    | Received a gift from Okawaru
 17426 | Orc:1    | Noticed Maurice
 17437 | Orc:1    | Killed Maurice
 17440 | Orc:1    | Reached XP level 15. HP: 75/135 MP: 28/28
 17523 | Orc:1    | Noticed raetorn's ghost (novice SpWr)
 17531 | Orc:1    | Killed raetorn's ghost
 18035 | D:10     | Entered Level 10 of the Dungeon
 19838 | Orc:2    | Got a polished plate armour {god gift}
 19849 | Orc:2    | Identified the +1 plate armour "Qocsek" {Int+2} (Okawaru gifted it to you on level 2 of the Orcish Mines)
 21343 | D:13     | Received a gift from Okawaru
 21351 | D:13     | Got a brightly glowing chain mail {god gift}
 21381 | D:13     | Identified the +1 chain mail of Loxkaele {rElec rPois Dex+6} (Okawaru gifted it to you on level 13 of the Dungeon)
 21413 | D:13     | Found a gate to the Vaults.
 21478 | D:13     | Noticed Maud
 21488 | D:13     | Killed Maud
 22139 | D:14     | Reached XP level 16. HP: 123/146 MP: 29/29
 22301 | D:14     | Noticed Nessos
 22306 | D:14     | Killed Nessos
 22387 | D:14     | Received a gift from Okawaru
 23117 | D:15     | Entered Level 15 of the Dungeon
 23136 | D:15     | Noticed Sonja
 23142 | D:15     | Killed Sonja
 23202 | D:15     | Found Obreobb's Distillery.
 23243 | D:15     | Bought a potion of beneficial mutation for 560 gold pieces
 23243 | D:15     | Gained mutation: You are partially covered in molten scales (AC +1). [potion of beneficial mutation]
 23303 | D:15     | Received a gift from Okawaru
 23321 | D:15     | Got a pair of distressingly furry boots {god gift}
 23332 | D:15     | Identified the +1 pair of boots of the Game of Kings {Str+2 Slay+3} (Okawaru gifted it to you on level 15 of the Dungeon)
 23387 | D:15     | Found a staircase to the Depths.
 24176 | Swamp:1  | Entered Level 1 of the Swamp
 24628 | Swamp:1  | Reached skill level 10 in Evocations
 24852 | Swamp:2  | Reached XP level 17. HP: 132/154 MP: 31/31
 24982 | Swamp:2  | Received a gift from Okawaru
 24985 | Swamp:2  | Got a faintly humming quicksilver dragon armour {god gift}
 24996 | Swamp:2  | Identified the quicksilver dragon armour of Ycigeros {MR+ Regen+} (Okawaru gifted it to you on level 2 of the Swamp)
 25625 | Swamp:3  | Reached skill level 15 in Fighting
 26468 | Swamp:4  | Entered Level 4 of the Swamp
 26948 | Swamp:4  | Got a decaying rune of Zot
 27072 | Swamp:4  | Received a gift from Okawaru
 27141 | Swamp:4  | Got a bloodstained chain mail
 27175 | Swamp:4  | Identified the +0 chain mail of the Beekeeper {Str+3} (You found it on level 4 of the Swamp)
 27813 | Spider:1 | Entered Level 1 of the Spider Nest
 28006 | Spider:1 | Got a dazzling war axe
 28008 | Spider:1 | Identified the cursed +1 war axe "Sarcophage" {chop, rF++ MR+ Str-3 Dex+3} (You found it on level 1 of the Spider Nest)
 28069 | Spider:1 | Received a gift from Okawaru
 28075 | Spider:1 | Got a heavily jewelled robe
 28218 | Spider:1 | Reached XP level 18. HP: 166/166 MP: 32/32
 28234 | Spider:1 | Got a translucent ring mail
 28458 | Lair:1   | Identified the cursed +1 robe of Absolutism {Dex+3} (You found it on level 1 of the Spider Nest)
 28469 | Lair:1   | Identified the +5 ring mail of Generosity {rPois rF- Str+8 Dex+4} (You found it on level 1 of the Spider Nest)
 28502 | Lair:1   | Identified a +2 pair of boots of running (Okawaru gifted it to you on level 1 of the Spider Nest)
 30322 | Spider:3 | Reached skill level 15 in Shields
 30631 | Spider:4 | Entered Level 4 of the Spider Nest
 31044 | Spider:4 | Received a gift from Okawaru
 31056 | Spider:4 | Reached skill level 15 in Armour
 31205 | Spider:4 | Got a gossamer rune of Zot
 31364 | Spider:4 | Received a gift from Okawaru
 31441 | Spider:4 | Noticed blejac99's ghost (adept MiFi)
 31453 | Spider:4 | Killed blejac99's ghost
 31886 | Elf:1    | Entered Level 1 of the Elven Halls
 31898 | Elf:1    | Found Roleruciha's Weapon Shop.
 32213 | Elf:1    | Reached XP level 19. HP: 164/177 MP: 33/33
 32589 | Elf:1    | Identified the Catalogue of Attacks and Companions
 32873 | Elf:2    | Found Monyosae's Antique Weapon Emporium.
 33170 | Elf:2    | Found Arhoomm's Antique Weapon Emporium.
 33172 | Elf:2    | Found Rukhlywa's General Store.
 33278 | Elf:2    | Found Eqiuci's Antique Armour Shoppe.
 33326 | Elf:2    | Found a runed gate.
 33326 | Elf:2    | Found a runed gate.
 33326 | Elf:2    | Found a runed gate.
 33506 | Elf:2    | Noticed Azrael
 33529 | Elf:2    | Received a gift from Okawaru
 33538 | Elf:2    | Killed Azrael
 33597 | Elf:2    | Got a twisted hand axe {god gift}
 33977 | Elf:3    | Entered Level 3 of the Elven Halls
 34087 | Elf:3    | Identified the +9 hand axe "Iwam" {flame, +Blink Str+4 Stlth+} (Okawaru gifted it to you on level 2 of the Elven Halls)
 34270 | Elf:3    | Got an ichor-stained flail
 34271 | Elf:3    | Identified the +4 flail of Undoing {venom, rElec rN+ MP+9} (You found it on level 3 of the Elven Halls)
 34291 | Elf:3    | Noticed Mara
 34302 | Elf:3    | Killed Mara
 34302 | Elf:3    | Received a gift from Okawaru
 34305 | Elf:3    | Got an ancient war axe {god gift}
 34383 | Elf:3    | Reached XP level 20. HP: 179/187 MP: 28/34
 34806 | Elf:3    | Received a gift from Okawaru
 34807 | Elf:3    | HP: 6/189 [acid (14)]
 35229 | Elf:3    | Got a fine cloak {god gift}
 35240 | Elf:3    | Identified the +0 cloak "Lakutosaf" {rF+} (Okawaru gifted it to you on level 3 of the Elven Halls)
 35282 | Elf:3    | Identified the +8 war axe "Gauphea" {flame, -Tele Int+5 Dex+4} (Okawaru gifted it to you on level 3 of the Elven Halls)
 35353 | Elf:3    | Got a distressingly furry helmet
 35355 | Elf:3    | Got an ancient helmet
 35575 | Elf:3    | Got a jewelled hand axe
 35671 | Elf:3    | Identified the +10 hand axe of Rebo {venom, MP+9} (You found it on level 3 of the Elven Halls)
 36244 | Elf:3    | Got a vibrating gossamer ring
 36293 | Elf:3    | Got a blackened hunting sling
 36585 | Lair:1   | Identified the ring "Fyehec" {rN+ MP+9} (You took it off a deep elf archer on level 3 of the Elven Halls)
 36880 | Vaults:1 | Entered Level 1 of the Vaults
 37605 | Vaults:1 | Received a gift from Okawaru
 37616 | Vaults:1 | Got a bloodstained hand axe {god gift}
 38161 | Vaults:2 | Reached XP level 21. HP: 198/198 MP: 35/35
 38182 | Vaults:2 | Found a gateway to a bazaar.
 38235 | Bazaar   | Entered a bazaar
 38252 | Bazaar   | Found Vuklum's Antique Weapon Shoppe.
 38267 | Bazaar   | Found Cuatong's Magic Scroll Emporium.
 38282 | Bazaar   | Found Qinun's Armour Shoppe.
 38282 | Bazaar   | Found Vuteid's Antique Armour Emporium.
 38545 | Vaults:2 | Received a gift from Okawaru
 38844 | Vaults:2 | Got a wavering lead ring
 38855 | Vaults:2 | Identified the cursed ring of Uckocaj {AC-3 Stlth+} (You found it on level 2 of the Vaults)
 39885 | Vaults:3 | Received a gift from Okawaru
 39888 | Vaults:3 | Got a pair of bloodstained gloves {god gift}
 39899 | Vaults:3 | Identified the +2 pair of gloves of Iqat {Stlth+} (Okawaru gifted it to you on level 3 of the Vaults)
 40226 | Vaults:3 | Found a staircase to the Crypt.
 40295 | Vaults:4 | Found a flickering gateway to a bazaar.
 40313 | Bazaar   | Entered a bazaar
 40332 | Bazaar   | Found Jywkorar's Jewellery Emporium.
 40386 | Bazaar   | Found Nudus's Weapon Shoppe.
 40410 | Bazaar   | Found Huavaimu's Food Emporium.
 40430 | Bazaar   | Found Guece Deg's Armour Shoppe.
 40471 | Bazaar   | Found Wighie's Antique Armour Shoppe.
 40476 | Bazaar   | Bought a smoking plate armour for 672 gold pieces
 40476 | Bazaar   | Bought a pair of scorched boots for 228 gold pieces
 40494 | Bazaar   | Identified the +6 plate armour "Teclybb" {rF+ Dex+2 Stlth+} (You bought it in a shop in a bazaar)
 40524 | Bazaar   | Identified the cursed +0 pair of boots "Memihon" {rElec rC+ rN+ Dex-4} (You bought it in a shop in a bazaar)
 41013 | Lair:1   | Identified the +3 hand axe of the Endless March {chop, Int+2} (Okawaru gifted it to you on level 1 of the Vaults)
 41375 | Vaults:4 | Reached XP level 22. HP: 209/209 MP: 37/37
 41449 | Vaults:4 | Found Masygg's Weapon Shoppe.
 41751 | Vaults:4 | Found Wuiten's Antique Weapon Shoppe.
 42208 | Vaults:5 | Entered Level 5 of the Vaults
 42236 | Vaults:5 | Received a gift from Okawaru
 42275 | Vaults:5 | Received a gift from Okawaru
 42345 | Vaults:5 | Noticed a golden dragon
 42353 | Vaults:5 | Killed a golden dragon
 42590 | Vaults:5 | Got a scintillating diamond amulet
 42600 | Vaults:5 | Got a silver rune of Zot
 42679 | Vaults:5 | Reached XP level 23. HP: 210/218 MP: 38/38
 43169 | Vaults:5 | Received a gift from Okawaru
 43315 | Vaults:5 | Noticed an ancient lich
 43322 | Vaults:5 | Killed an ancient lich
 44075 | Lair:1   | Identified the amulet of Ruanaxun {+Rage +Fly rF- rC+} (You took it off a tengu reaver on level 5 of the Vaults)
 44104 | Lair:1   | Got a twisted hat
 44117 | Lair:1   | Identified the +4 hat of Parts Unknown {Regen+ Str+2 Stlth+} (You acquired it on level 1 of the Lair of Beasts)
 44352 | Depths:1 | Entered Level 1 of the Depths
 44369 | Depths:1 | Received a gift from Okawaru
 44525 | Depths:1 | Found a sparkling altar of Nemelex Xobeh.
 44816 | Depths:1 | Found a gateway to Hell.
 45107 | Depths:1 | Reached XP level 24. HP: 231/231 MP: 38/38
 45217 | Depths:2 | Received a gift from Okawaru
 45335 | Depths:2 | Noticed Asterion
 45352 | Depths:2 | Killed Asterion
 45476 | Depths:2 | Received a gift from Okawaru
 46278 | Depths:2 | Got a wavering ruby amulet
 46430 | Depths:2 | Identified the amulet of Ilocoyhi {Dismiss Dex+4} (You took it off a rakshasa on level 2 of the Depths)
 46526 | Depths:2 | Noticed a juggernaut
 46535 | Depths:2 | Killed a juggernaut
 47133 | Depths:3 | Reached skill level 27 in Axes
 47151 | Depths:3 | Received a gift from Okawaru
 47153 | Depths:3 | Reached XP level 25. HP: 158/240 MP: 37/38
 47464 | Depths:3 | Found a one-way gate to the infinite horrors of the Abyss.
 47724 | Depths:3 | Found a one-way gate leading to the halls of Pandemonium.
 47798 | Depths:3 | Found a portal to a secret trove of treasure.
 47927 | Depths:3 | Found a large runed door.
 47971 | Depths:3 | Found a large runed door.
 48512 | Depths:3 | Paralysed by a giant eyeball for 3 turns
 48595 | Depths:4 | Received a gift from Okawaru
 48596 | Depths:4 | Got a pair of faintly humming boots {god gift}
 48639 | Depths:4 | Identified the +1 pair of boots of Fiodghu {rPois} (Okawaru gifted it to you on level 4 of the Depths)
 49698 | Depths:5 | Entered Level 5 of the Depths
 49828 | Depths:5 | Received a gift from Okawaru
 49875 | Depths:5 | Found a magical portal.
 49975 | Depths:5 | Received a gift from Okawaru
 49979 | Depths:5 | Found a gate to the Realm of Zot.
 50000 | Depths:5 | Found a gateway to a ziggurat.
 50014 | Depths:5 | Reached XP level 26. HP: 242/254 MP: 38/38
 50950 | Zot:1    | Entered Level 1 of the Realm of Zot
 52121 | Zot:2    | Received a gift from Okawaru
 52124 | Zot:2    | Got a faintly glowing ring mail {god gift}
 52128 | Zot:2    | Identified the +4 ring mail "Joubbae" {Int+4 Slay+6} (Okawaru gifted it to you on level 2 of the Realm of Zot)
 53199 | Zot:3    | Reached XP level 27. HP: 261/268 MP: 38/38
 53581 | Zot:4    | Received a gift from Okawaru
 53593 | Zot:4    | Got a pair of slimy gloves {god gift}
 53594 | Zot:4    | Identified the +0 pair of gloves "Mech" {rF+} (Okawaru gifted it to you on level 4 of the Realm of Zot)
 54022 | Zot:5    | Entered Level 5 of the Realm of Zot
 54418 | Zot:5    | Noticed an ancient lich
 54426 | Zot:5    | Killed an ancient lich
 54457 | Zot:5    | Noticed an orb of fire
 54458 | Zot:5    | Gained mutation: Armour fits poorly on your strangely shaped body. [an orb of fire]
 54467 | Zot:5    | Gained mutation: You tend to lose your temper in combat. [an orb of fire]
 54482 | Zot:5    | Killed an orb of fire
 54534 | Zot:5    | Reached skill level 27 in Fighting
 54635 | Zot:5    | Noticed an orb of fire
 54637 | Zot:5    | Gained mutation: Potions and wands are less effective at restoring your health. [an orb of fire]
 54639 | Zot:5    | Gained mutation: You are clumsy. (Dex -2) [an orb of fire]
 54641 | Zot:5    | Gained mutation: You are very dopey. (Int -4) [an orb of fire]
 54641 | Zot:5    | Gained mutation: You are frail (-10% HP). [an orb of fire]
 54644 | Zot:5    | Killed an orb of fire
 54735 | Zot:5    | Noticed an ancient lich
 54739 | Zot:5    | Killed an ancient lich
 54895 | Zot:5    | Received a gift from Okawaru
 54954 | Zot:5    | Noticed an orb of fire
 54957 | Zot:5    | Noticed an orb of fire
 54963 | Zot:5    | Noticed an orb of fire
 54966 | Zot:5    | Killed an orb of fire
 54976 | Zot:5    | Killed an orb of fire
 54985 | Zot:5    | Killed an orb of fire
 55062 | Zot:5    | Noticed an orb of fire
 55062 | Zot:5    | Gained mutation: You are occasionally teleported next to monsters. [an orb of fire]
 55068 | Zot:5    | Noticed an orb of fire
 55073 | Zot:5    | Killed an orb of fire
 55074 | Zot:5    | Noticed an orb of fire
 55077 | Zot:5    | Killed an orb of fire
 55090 | Zot:5    | Killed an orb of fire
 55779 | Lair:1   | Identified the +0 helmet of Music {-Cast Str+4 Dex+3} (You found it on level 3 of the Elven Halls)
 55780 | Lair:1   | Identified the +1 helmet of the Pit {rC+ SInv} (You found it on level 3 of the Elven Halls)
 56195 | Zot:5    | Noticed an orb of fire
 56215 | Zot:5    | Gained mutation: You expend magic power (3 MP) to strengthen your wands. [an orb of fire]
 56223 | Zot:5    | Killed an orb of fire
 56287 | Zot:5    | Noticed an orb of fire
 56287 | Zot:5    | Noticed an orb of fire
 56287 | Zot:5    | Lost mutation: You have a considerably increased reservoir of magic (+20% MP). [an orb of fire]
 56299 | Zot:5    | Gained mutation: Scrolls take you a little longer to read. [an orb of fire]
 56304 | Zot:5    | Lost mutation: You have an increased reservoir of magic (+10% MP). [an orb of fire]
 56310 | Zot:5    | Got the Orb of Zot
 56326 | Zot:5    | Gained mutation: Your magical capacity is low (-10% MP). [an orb of fire]
 56346 | Zot:5    | Gained mutation: You are very clumsy. (Dex -4) [an orb of fire]
 56564 | Depths:4 | Gained mutation: You often lose your temper in combat. [mutagenic glow]
 56909 | D:2      | Gained mutation: You have an uncontrollable temper. [mutagenic glow]
 56910 | D:2      | Received a gift from Okawaru
 56948 | D:1      | Lost mutation: You have an uncontrollable temper. [mutagenic glow]
 56969 | D:$      | Escaped with the Orb!

Skill      XL: |  1  2  3  4  5  6  7  8  9 10 11 12 13 14 15 16 17 18 19 20 21 22 23 24 25 26 27 |
---------------+----------------------------------------------------------------------------------+-----
Axes           | 3 4 5 6 7 9 11 12 13 14 16 17 19 20 21 22 23 24 25 26 27 | 27.0
Fighting       | 4 5 6 7 8 9 10 11 13 14 16 17 18 19 20 21 22 24 25 27 | 27.0
Armour         | 4 5 6 7 8 9 10 11 12 13 14 15 16 17 18 19 20 21 22 24 | 24.6
Shields        | 4 5 6 7 8 9 10 11 12 13 14 15 16 17 18 19 20 21 22 24 | 24.7
Invocations    | 11 | 11.9
Evocations     | 4 6 7 8 10 | 10.2

Action                   |  1- 3 |  4- 6 |  7- 9 | 10-12 | 13-15 | 16-18 | 19-21 | 22-24 | 25-27 || total
-------------------------+-------+-------+-------+-------+-------+-------+-------+-------+-------++-------
Melee: War axe           |   110 |    63 |   132 |    21 |    41 |       |       |       |    68 ||   435
       Broad axe         |       |    96 |   270 |   485 |   813 |  1051 |   830 |   747 |  1062 ||  5354
       Headbutt          |       |       |    37 |   105 |   168 |   283 |   238 |   225 |   377 ||  1433
       Mace              |       |       |       |     6 |       |       |       |       |       ||     6
       Trident           |       |       |       |    30 |       |       |       |       |       ||    30
       Demon trident     |       |       |       |       |     4 |       |       |       |       ||     4
Invok: Heroism           |       |       |       |     8 |     3 |     4 |     5 |     6 |    13 ||    39
       Finesse           |       |       |       |     4 |     2 |     4 |     4 |     5 |    14 ||    33
 Abil: Evoke Flight      |       |       |       |       |       |     2 |       |       |       ||     2
       Evoke Blink       |       |       |       |       |       |       |     3 |       |       ||     3
Evoke: Wand              |       |       |       |     2 |     8 |       |       |     2 |    36 ||    48
       Deck              |       |       |       |     2 |     1 |       |       |       |       ||     3
  Use: Scroll            |       |    13 |     4 |    13 |    19 |    21 |    25 |     5 |    16 ||   116
       Potion            |       |       |     6 |    14 |     6 |     5 |    14 |    10 |     7 ||    62
 Stab: Sleeping          |       |       |       |     3 |     7 |       |       |       |       ||    10
       Paralysed         |       |       |       |       |     4 |       |       |       |       ||     4
       Distracted        |       |       |       |       |     3 |     8 |    10 |    10 |    20 ||    51
       Petrifying        |       |       |       |       |       |       |       |     3 |       ||     3
       Confused          |       |       |       |       |       |       |       |       |     1 ||     1
  Eat: Chunk             |       |     7 |    20 |     7 |    29 |    10 |    17 |     4 |    11 ||   105
       Beef jerky        |       |       |     1 |       |     1 |     1 |     2 |       |       ||     5
       Bread ration      |       |       |       |     3 |       |     1 |     1 |       |       ||     5
       Pizza             |       |       |       |     1 |       |     4 |     1 |       |     1 ||     7
       Meat ration       |       |       |       |       |     1 |     2 |     1 |     2 |     3 ||     9
       Fruit             |       |       |       |       |       |     4 |       |    11 |    12 ||    27
Armor: Scale mail        |     7 |       |       |       |       |       |       |       |       ||     7
       Chain mail        |    48 |    73 |    75 |       |    89 |   245 |    69 |       |       ||   599
       Plate armour      |       |       |    68 |   125 |       |       |     9 |   249 |   518 ||   969
       Ring mail         |       |       |       |    71 |    68 |   105 |       |       |       ||   244
       Quicksilver drago |       |       |       |       |       |     9 |    84 |       |       ||    93
Dodge: Dodged            |    25 |    39 |    83 |   172 |   190 |   256 |   110 |   100 |   234 ||  1209
Block: Shield            |    63 |    96 |   300 |   491 |   608 |   891 |   239 |       |       ||  2688
       Reflection        |       |     3 |     5 |    11 |    65 |    39 |   134 |    94 |    54 ||   405
       Large shield      |       |       |       |       |       |       |   455 |   853 |  1541 ||  2849
